 Dungeon Crawl Stone Soup version 0.29.1-14-g9c671dbff4 (webtiles) character file.

Game seed: 4980506108428126664

72 leafyfresh the Magician (level 4, -1/31 HPs)
             Began as a Djinni Ice Elementalist on Feb 17, 2023.
             Slain by Edmund
             ... wielding a +6 flail of draining
              (6 damage)
             ... on level 4 of the Dungeon.
             The game lasted 00:02:44 (2902 turns).

leafyfresh the Magician (Djinni Ice Elementalist)   Turns: 2902, Time: 00:02:45

Health: -1/31      AC:  8    Str:  7    XL:     4   Next: 50%
Gold:   61         EV: 13    Int: 18    God:
                   SH:  0    Dex: 14

rFire   + + .      SeeInvis .   c - +0 short sword
rCold   x . .      Faith    .   (no shield)
rNeg    . . .      Spirit   .   a - +0 robe
rPois   ∞          Reflect  .   (no helmet)
rElec   .          Harm     .   (no cloak)
rCorr   .          Rampage  .   (no gloves)
Will    .....                   (boots unavailable)
Stlth   ++........              (no amulet)
HPRegen 0.10/turn               (no ring)
MPRegen 0.00/turn               (no ring)

@: ice-armoured, flying, very slightly contaminated
A: sickness immunity, fire resistance 2, cold vulnerability 1, float, innate
caster, HP casting, extra vitality 1
a: no special abilities


You were on level 4 of the Dungeon.
You visited 1 branch of the dungeon, and saw 4 of its levels.

You collected 83 gold pieces.
You spent 22 gold pieces at shops.

Inventory:

Hand Weapons
 c - a +0 short sword (weapon)
Armour
 a - a +0 robe (worn)
Scrolls
 b - 2 scrolls of enchant weapon {unknown}
 d - a scroll of butterflies {unknown}
 e - 2 scrolls of identify
 g - a scroll of magic mapping {unknown}
 h - a scroll of fear {unknown}
Potions
 f - 2 potions of lignification {unknown}


   Skills:
 + Level 3.7 Dodging
 - Level 1.5 Stealth
 + Level 3.9 Spellcasting


You couldn't memorise any spells.
You knew the following spells:

 Your Spells              Type           Power      Damage    Failure   Level
a - Freeze                Ice            68%        1d8       3%          1
b - Frozen Ramparts       Ice            34%        1d6       9%          3
c - Ozocubu's Armour      Ice            17%        N/A       9%          3
d - Hailstorm             Conj/Ice       17%        3d6       28%         4
e - Apportation           Tloc           34%        N/A       3%          1
Your spell library was empty.

Dungeon Overview and Level Annotations

Branches:
Dungeon (4/15)
 Temple: D:4-7

Altars:

Shops:
D:1 ?

Annotations:
D:3 Grinder, Sigmund
D:4 Edmund


Innate Abilities, Weirdness & Mutations

You are immune to sickness and miasma.
You are immune to poison.
Your flesh is very heat resistant. (rF++)
You are vulnerable to cold. (rC-)
You float through the air rather than walking.
You learn spells naturally, not from books.
Your magical power is your life essence.
You have superior vitality. (+4 MHP)


Message History

Confirm with . or Enter, or press ? or * to list all spells.
Aiming: Freeze (safe; 3% risk of failure)
Press: ? - help, Shift-Dir - straight line, f/p - Edmund
Aim: Edmund, wielding a +6 flail of draining and wearing a +0 scale mail (lightly wounded)
You freeze Edmund.
Edmund is lightly wounded.
The wall freezes the kobold.
The wall freezes Edmund.
Edmund hits you with a +6 flail of draining.
Sorry, you're not good enough to have a special ability.
Unknown command.
Casting: Freeze (safe; 3% risk of failure)
Confirm with . or Enter, or press ? or * to list all spells.
Aiming: Freeze (safe; 3% risk of failure)
Press: ? - help, Shift-Dir - straight line, f/p - Edmund
Aim: Edmund, wielding a +6 flail of draining and wearing a +0 scale mail (lightly wounded)
You freeze Edmund!
Edmund is moderately wounded.
* * * LOW HITPOINT WARNING * * *
The wall freezes Edmund.
Edmund hits you with a +6 flail of draining.
* * * LOW HITPOINT WARNING * * *
Casting: Freeze (safe; 3% risk of failure)
Confirm with . or Enter, or press ? or * to list all spells.
Aiming: Freeze (safe; 3% risk of failure)
Press: ? - help, Shift-Dir - straight line, f/p - Edmund
Aim: Edmund, wielding a +6 flail of draining and wearing a +0 scale mail (heavily wounded)
You freeze Edmund.
Edmund is heavily wounded.
* * * LOW HITPOINT WARNING * * *
The frozen ramparts melt away.
Edmund closely misses you.
Casting: Freeze (safe; 3% risk of failure)
Confirm with . or Enter, or press ? or * to list all spells.
Aiming: Freeze (safe; 3% risk of failure)
Press: ? - help, Shift-Dir - straight line, f/p - Edmund
Aim: Edmund, wielding a +6 flail of draining and wearing a +0 scale mail (heavily wounded)
You freeze Edmund.
Edmund is heavily wounded.
* * * LOW HITPOINT WARNING * * *
Edmund hits you with a +6 flail of draining.
You die...

##.......##
#........
#........(#
.........
##.K.....##
.........
##.....##
..........
##...##
#.........
#.....#
##.K.##
##@## #@..#
##.## ###


You could see Edmund and a kobold.

Vanquished Creatures
  2 adders (D:2)
  A dart slug (D:1)
  7 endoplasms
  A giant cockroach (D:1)
  2 goblins
  3 hobgoblins (D:2)
  5 jackals (D:2)
  4 kobolds
  3 quokkas (D:1)
  7 ball pythons
  6 bats
  2 frilled lizards (D:1)
  5 rats
48 creatures vanquished.

Notes
Turn   | Place    | Note
-------+----------+-------------------------------------------
     0 | D:1      | leafyfresh the Djinni Ice Elementalist began the quest for
                  | the Orb.
     0 | D:1      | leafyfresh set off with the following spells memorised:
                  | Freeze, Frozen Ramparts, Ozocubu's Armour, Hailstorm.
     0 | D:1      | Reached XP level 1. HP: 15/15 MP: 0/0
   340 | D:1      | Reached XP level 2. HP: 15/21 MP: 0/0
   891 | D:1      | Found Mell's Magic Scroll Shoppe.
   902 | D:1      | Bought a scroll of identify for 22 gold pieces
   928 | D:1      | Reached XP level 3. HP: 21/25 MP: 0/0
   928 | D:1      | Learned a level 1 spell: Apportation
  2377 | D:2      | Reached XP level 4. HP: 31/31 MP: 0/0
  2641 | D:2      | Found a faded altar of an unknown god.
  2793 | D:3      | Noticed Sigmund
  2801 | D:3      | Noticed Grinder
  2880 | D:4      | Noticed Edmund
  2902 | D:4      | Slain by Edmund

Illustrated notes

Levels and vault maps discovered:
D:1:      psy_arrival_whirlpool, layout_basic, serial_shops, shop
D:2:      layout_rooms, hellmonk_ecumenical_altar_heavens_door,
          serial_corexii_hall, chequers_hall_statues_corner_a,
          corexii_hall_statues_x
D:3:      layout_basic, uniq_grinder, uniq_sigmund
D:4:      layout_rooms, elyvilon_altar_1, minmay_temple_entry_poolview,
          nicolae_figureground_pulse, uniq_pikel, uniq_edmund,
          uniq_crazy_yiuf_cottage, uniq_duvessa

Skill      XL: |  1  2 |
---------------+-------+-----
Dodging        | 3 |  3.7
Stealth        | |  1.5
Spellcasting   | |  3.9

Action                   |  1- 3 |  4- 6 || total
-------------------------+-------+-------++-------
Melee: Unarmed           |     5 |       ||     5
       Short sword       |    96 |    39 ||   135
       Punch             |     1 |       ||     1
 Cast: Freeze            |    24 |     5 ||    29
       Ozocubu's Armour  |       |     1 ||     1
       Frozen Ramparts   |       |     1 ||     1
 Stab: Sleeping          |     2 |       ||     2
Armor: Robe              |    45 |     7 ||    52
Dodge: Dodged            |   118 |    31 ||   149
